 Dungeon Crawl Stone Soup version 0.30-a0-1124-g6e8f0f562f (webtiles) character file.

Game seed: 9622527831184820295

513 bande the Shield-Bearer (level 7, -1/44 HPs)
             Began as a Gargoyle Fighter on Apr 24, 2023.
             Slain by a quokka (2 damage)
             ... summoned by Eustachio
             ... on level 4 of the Dungeon.
             The game lasted 00:06:01 (2716 turns).

bande the Shield-Bearer (Gargoyle Fighter)          Turns: 2716, Time: 00:06:02

Health: -1/44      AC: 15    Str: 19    XL:     7   Next: 20%
Magic:  7/7        EV:  7    Int:  9    God:
Gold:   245        SH: 10    Dex: 11    Spells: 6/6 levels left

rFire   . . .        a - +0 war axe
rCold   . . .        c - +0 buckler
rNeg    + . .        g - +0 chain mail
rPois   ∞            (no helmet)
rElec   +            (no cloak)
rCorr   .            l - +0 pair of gloves
SInv    .            (no boots)
Will    .....        k - amulet of reflection Stlth
                     (no ring)
HPRegen 0.27/turn    (no ring)
MPRegen 0.10/turn

%: reflection
@: mighty, weakened, on berserk cooldown, slowed, very slow
A: sickness immunity, AC +4, negative energy resistance 1, electricity
resistance, torment resistance 1, petrification resistance
a: no special abilities


You were on level 4 of the Dungeon.
You visited 1 branch of the dungeon, and saw 4 of its levels.

You collected 245 gold pieces.

Inventory:

Hand Weapons
 a - a +0 war axe (weapon)
 m - a +0 war axe
Armour
 c - a +0 buckler (worn)
 g - a +0 chain mail (worn)
 l - a +0 pair of gloves (worn)
Jewellery
 i - a ring of ice
 j - a ring of wizardry
 k - an amulet of reflection (around neck)
Wands
 n - a wand of polymorph (11)
Scrolls
 e - a scroll of identify
Potions
 b - a potion of flight


   Skills:
 + Level 4.8 Fighting
 + Level 4.5 Axes
 + Level 4.7 Armour
 + Level 5.0 Shields


You had 6 spell levels left.
You didn't know any spells.
Your spell library contained the following spells:

 Spells                   Type           Power      Damage    Failure   Level
 Volatile Blastmotes      Fire/Tloc      0%         2d10      100%        3
 Fulminant Prism          Conj/Hex       0%         3d5       100%        4
 Iskenderun's Mystic Bla  Conj/Tloc      0%         2d3       100%        4
 Lee's Rapid Deconstruct  Erth           0%         3d4*      100%        5


Dungeon Overview and Level Annotations

Branches:
Dungeon (4/15)
 Temple: D:4-7

Altars:
Elyvilon
Gozag
Kikubaaqudgha
Xom

Annotations:
D:4 Eustachio


Innate Abilities, Weirdness & Mutations

You are immune to sickness and miasma.
Your stone body is resilient. (AC +4)
You are immune to poison.
You resist negative energy. (rN+)
You are resistant to electric shocks. (rElec)
You are resistant to unholy torment.
You are immune to petrification.


Message History

The gnoll bouda gazes fiercely through you!
You feel your attacks grow feeble. You block the river rat's attack.
Things that are here:
a +0 club; a goblin corpse The gnoll is no longer moving quickly.
Eustachio mumbles some strange words.
Eustachio blinks!
You block the river rat's attack.
The quokka bites you but does no damage.
The river rat bites you but does no damage.
Unknown command.
You closely miss the quokka.
The quokka is almost dead.
You barely miss the river rat.
The quokka bites you but does no damage.
You block the quokka's attack.
The river rat bites you but does no damage.
The gnoll bouda hits you with a +0 whip.
* * * LOW HITPOINT WARNING * * *
Okay, then.
Okay, then.
You closely miss the quokka.
The quokka is almost dead.
You hit the gnoll bouda but do no damage.
You barely miss the river rat. You block the quokka's attack.
The river rat bites you but does no damage.
The quokka bites you.
* * * LOW HITPOINT WARNING * * *
The gnoll bouda hits you with a +0 whip.
* * * LOW HITPOINT WARNING * * *
You block the river rat's attack. You block the quokka's attack.
Eustachio gestures wildly while chanting.
Eustachio blinks!
The gnoll bouda hits you with a +0 whip.
* * * LOW HITPOINT WARNING * * *
You feel very mighty all of a sudden. The river rat bites you.
* * * LOW HITPOINT WARNING * * *
The quokka bites you.
You die...

...#.....#....#
.....###.#....###.#.#
.#.........### #.#)#
..####.#..#####.#.#
.. #.#........#.# #
#. #....#######.#
####.#.###...†.# #.#
......@.g#.###.# #.#
.......@rgg# #.# #.#
.#####.#r#.###.# #.#
...#.#."...# #.#
#####.####.#######.#
#.# #.##......#
....>...##.######
##.#######.#
..........#
#.######..# ###


You could see Eustachio, a gnoll bouda, 2 gnolls, a river rat (summoned) and a
quokka (summoned).

Vanquished Creatures
  A black bear (D:4)
  A phantom (D:4)
  3 scorpions (D:4)
  Terence (D:3)
  2 adders
  3 gnolls (D:4)
  An ufetubus (D:4)
  A worm (D:3)
  3 dart slugs
  6 orcs
  9 endoplasms
  4 giant cockroaches
  6 goblins
  4 hobgoblins
  4 jackals (D:1)
  A quokka (D:1)
  10 ball pythons
  6 bats
  2 frilled lizards (D:2)
  4 kobolds
  7 rats
79 creatures vanquished.

Vanquished Creatures (others)
  A butterfly (D:3)
  2 plants (D:1)
3 creatures vanquished.

Grand Total: 82 creatures vanquished

Notes
Turn   | Place    | Note
-------+----------+-------------------------------------------
     0 | D:1      | bande the Gargoyle Fighter began the quest for the Orb.
     0 | D:1      | Reached XP level 1. HP: 14/14 MP: 1/1
    28 | D:1      | Reached XP level 2. HP: 14/19 MP: 2/2
   589 | D:1      | Reached XP level 3. HP: 24/24 MP: 3/3
  1299 | D:2      | Reached XP level 4. HP: 29/29 MP: 4/4
  1420 | D:3      | Found an ancient bone altar of Kikubaaqudgha.
  1655 | D:3      | Found a white marble altar of Elyvilon.
  1758 | D:3      | Found an opulent altar of Gozag.
  1867 | D:3      | Found a shimmering altar of Xom.
  1913 | D:3      | Noticed Terence
  1926 | D:3      | Killed Terence
  2031 | D:4      | Reached skill level 4 in Shields
  2031 | D:4      | Reached XP level 5. HP: 33/33 MP: 5/5
  2061 | D:4      | Noticed a black bear
  2075 | D:4      | Killed a black bear
  2342 | D:4      | Reached XP level 6. HP: 32/39 MP: 6/6
  2666 | D:4      | Noticed Eustachio
  2696 | D:4      | Reached XP level 7. HP: 34/44 MP: 7/7
  2705 | D:4      | Reached skill level 5 in Shields
  2715 | D:4      | HP: 2/44 [gnoll bouda/+0 whip (2)]
  2716 | D:4      | Slain by a quokka

Illustrated notes

Levels and vault maps discovered:
D:1:      tarquinn_simple_flora_water_c, layout_loops_cross, serial_bayou,
          serial_bayou_crossing, serial_bayou_ford_a, serial_bayou_lake_a,
          serial_bayou_pond_d, serial_bayou_shore_b, serial_bayou_pond_c
D:2:      layout_loops_ring
D:3:      layout_rooms, pf_just_have_faith, kiku_gazebo_pond_becter,
          lemuel_tele_altar, nicolae_elyvilon_peaceful_grove, uniq_terence
D:4:      layout_loops_ring, uniq_eustachio

Skill      XL: |  1  2  3  4  5  6  7 |
---------------+----------------------+-----
Axes           | 2 3 4 |  4.5
Fighting       | 4 |  4.8
Shields        | 4 5 |  5.0
Armour         | 4 |  4.7

Action                     |  1- 3 |  4- 6 |  7- 9 || total
---------------------------+-------+-------+-------++-------
  Melee: War axe           |   109 |   135 |    16 ||   260
    Use: Scroll            |       |     6 |       ||     6
         Potion            |       |     1 |     2 ||     3
 Armour: Scale mail        |    18 |       |       ||    18
         Chain mail        |    54 |    91 |    16 ||   161
  Dodge: Dodged            |    47 |    55 |    12 ||   114
  Block: Buckler           |    28 |   107 |    25 ||   160
         Reflection        |       |     3 |     1 ||     4

Table legend: (Time is in decaauts)
 A = Elapsed time spent in this place.
 B = Non-inter-level travel time spent in this place.
 C = Inter-level travel time spent in this place.
 D = Time resting spent in this place.
 E = Time spent auto-exploring this place.
 F = Levels seen in this place.
 G = Mean time per level.
                   A        B        C        D        E       F      G
               +--------+--------+--------+--------+--------+-----+--------+
         Total |   2868 |   2845 |     23 |    189 |   1887 |   4 |  717.0 |
       Dungeon |   2868 |   2845 |     23 |    189 |   1887 |   4 |  717.0 |
               +--------+--------+--------+--------+--------+-----+--------+

Top non-repeatable levels by time:
     D:1: 872 daAuts
     D:4: 778 daAuts
     D:2: 639 daAuts
     D:3: 578 daAuts
